 Dungeon Crawl Stone Soup version 0.24-a0-616-ge2a249a6fd (webtiles) character file.

Game seed: 9058970752069825719, levelgen mode: deterministic

11594 P0NYSLAYSTATION the Carver (level 11, -7/97 HPs)
             Began as a Hill Orc Fighter on Sept 14, 2019.
             Was a Believer of Yredelemnul.
             Mangled by an ironheart preserver
             ... wielding a +0 morningstar
              (19 damage)
             ... on level 13 of the Dungeon.
             The game lasted 01:11:28 (9499 turns).

P0NYSLAYSTATION the Carver (Hill Orc Fighter)       Turns: 9499, Time: 01:11:28

Health: -7/97      AC: 15    Str: 22    XL:     11   Next: 80%
Magic:  14/14      EV: 13    Int: 13    God:    Yredelemnul [**....]
Gold:   689        SH:  0    Dex:  7    Spells: 10/10 levels left

rFire    + + .     SeeInvis +   g - +1 scimitar (flame)
rCold    . . .     Gourm    .   c - +2 shield
rNeg     . . .     Faith    .   r - +6 scale mail of Pandemonium {rPois rF++ Dex-4 SInv}
rPois    +         Spirit   .   (no helmet)
rElec    .         Reflect  .   (no cloak)
rCorr    +         Harm     .   B - +0 pair of gloves
MR       .....                  (no boots)
Stlth    ..........             (no amulet)
HPRegen  0.26/turn              h - ring of resist corrosion
MPRegen  0.14/turn              O - +3 ring of evasion

@: confused, brilliant
A: no striking features
a: Animate Remains, Recall Undead Slaves, Injury Mirror, Renounce Religion


You were on level 13 of the Dungeon.
You worshipped Yredelemnul.
Yredelemnul was pleased with you.
You were not hungry.

You visited 2 branches of the dungeon, and saw 14 of its levels.
You also visited: Ossuary.

You collected 689 gold pieces.

Inventory:

Hand Weapons
 a - a +0 long sword
 g - a +1 scimitar of flaming (weapon)
 D - a +4 trident of protection
Missiles
 K - 12 boomerangs (quivered)
Armour
 b - a +0 scale mail
 c - a +2 shield (worn)
 l - a +1 ring mail of cold resistance
 r - the +6 scale mail of Pandemonium (worn) {rPois rF++ Dex-4 SInv}
   (You found it on level 8 of the Dungeon)

   It affects your dexterity (-4).
   It greatly protects you from fire.
   It protects you from poison.
   It lets you see invisible.
 B - a +0 pair of gloves (worn)
 G - a +3 plate armour
Magical Staves
 A - an uncursed staff of summoning {unknown}
Jewellery
 h - a ring of resist corrosion (left hand)
 k - an uncursed ring of resist corrosion
 n - a cursed ring of attention
 s - an uncursed ring of wizardry
 x - a +2 ring of intelligence
 L - an uncursed ring of teleportation
 M - an uncursed ring of poison resistance
 O - a +3 ring of evasion (right hand)
 P - an uncursed ring of positive energy
Wands
 p - a wand of random effects (20)
 q - a wand of iceblast (14)
 y - a wand of paralysis (6)
 F - a wand of scattershot (6)
 H - a wand of disintegration (19)
 J - a wand of flame (24)
 N - a wand of clouds (7)
Scrolls
 d - 4 scrolls of remove curse
 e - 6 scrolls of teleportation
 m - a scroll of immolation {unknown}
 o - 3 scrolls of fear
 v - 3 scrolls of fog
 R - a scroll of magic mapping {unknown}
Potions
 i - 2 potions of degeneration
 j - a potion of cancellation {unknown}
 t - a potion of ambrosia
 u - 3 potions of flight
 w - a potion of lignification {unknown}
 z - a potion of brilliance
 E - a potion of heal wounds {unknown}
 I - a potion of agility {unknown}
Comestibles
 f - 12 rations


   Skills:
 + Level 9.0 Fighting
 + Level 12.4 Long Blades
 * Level 2.1 Polearms
 + Level 9.0 Armour
 + Level 3.9 Dodging
 + Level 9.2 Shields
 + Level 5.0 Invocations


You had 10 spell levels left.
You didn't know any spells.
Your spell library contained the following spells:

 Spells                   Type           Power        Failure   Level  Hunger
 Animate Skeleton         Necr           N/A          16%         1    ##.....
 Pain                     Necr           #...         16%         1    ##.....
 Shock                    Conj/Air       #...         16%         1    ##.....
 Summon Small Mammal      Summ           #...         16%         1    ##.....
 Call Imp                 Summ           #.......     22%         2    ###....
 Regeneration             Chrm/Necr      #.........   38%         3    ####...
 Vampiric Draining        Necr           #.........   38%         3    ####...
 Animate Dead             Necr           N/A          75%         4    #####..
 Irradiate                Conj/Tmut      #.........   95%         5    ######.
 Summon Demon             Summ           #.........   95%         5    ######.
 Summon Forest            Summ/Tloc      #.........   95%         5    ######.
 Conjure Ball Lightning   Conj/Air       #.........   100%        6    #######
 Hydra Form               Tmut           #.........   100%        6    #######
 Statue Form              Tmut/Erth      #........    100%        6    #######
 Dragon Form              Tmut           #.........   100%        7    #######


Dungeon Overview and Level Annotations

Branches:
Dungeon (13/15)            Temple (1/1) D:7             Orc (0/2) D:12
 Vaults (0/5) D:13        Ossuary (visited)
   Lair: D:8-11

Altars:
Ashenzari
Cheibriados
Dithmenos
Elyvilon
Fedhas
Gozag
Hepliaklqana
Kikubaaqudgha
Nemelex Xobeh
Qazlal
Ru
Sif Muna
Trog
Uskayaw
Vehumet
Wu Jian
Xom
Yredelemnul
Zin

Portals:
Trove: D:12 (give +3 shadow dragon scales)

Annotations:
D:13 1 transporter


Message History

The wraith closely misses you. The troll bites you!
You block the troll's attack. The troll barely misses you.
Okay, then.
It was a potion of ambrosia.
You are confused.
You feel invigorated.
The ironheart preserver hits you with a +0 morningstar!
The wraith closely misses you. The troll bites you!
* * * LOW HITPOINT WARNING * * *
The troll claws you!
* * * LOW HITPOINT WARNING * * *
The troll barely misses you.
Are you sure you want to stumble around while confused and next to your orc wizard zombie?
Okay, then.
Okay, then.
You're too confused!
You feel clever all of a sudden.
The ironheart preserver hits you with a +0 morningstar!!
You die...
Your body rises from the dead as a mindless zombie.

#.................# #....#
..................# #....#
.....##########..#######..#
.....#..# .#..#....∩#..#
.....#..# #..#.....#..######
.....#..# #..#.....#.W......
.....#.## +..'.....#........
.....'.## +TpW.....#........
.....#..#######)@#######........
.....+...........Z)[.[....######
.....#............[.).....#
.....#.########..#######..#
.....'.# +..'Z....#..# .....#.##
+..'.....#...# .....#..#
#..#.....#...# .....####
#..#.....#...# ##......#
#..#.....#..##


You could see an ironheart preserver, a troll, a wraith and a friendly orc
wizard zombie.

Vanquished Creatures
  Erica (D:8)
  2 two-headed ogres
  3 unseen horrors
  A troll (D:8)
  5 hippogriffs
  A wraith (D:13)
  Eustachio (D:6)
  2 vampire mosquitoes (D:12)
  9 ice beasts
  A black bear (D:9)
  4 orc warriors
  2 sky beasts
  2 phantoms
  A necrophage (D:7)
  5 ogres
  4 centaurs
  A big kobold (D:10)
  5 bullfrogs
  A scorpion (D:11)
  5 killer bees
  A water moccasin skeleton (D:8)
  5 wights
  A howler monkey (D:8)
  10 crimson imps
  4 centaur zombies
  3 jellies
  4 bullfrog zombies (Ossuary)
  7 hounds
  5 orc priests
  5 orc wizards
  A bullfrog skeleton (D:6)
  An iguana (D:4)
  12 mummies (Ossuary)
  6 worker ants
  A hound zombie (Ossuary)
  A hound skeleton (D:6)
  7 worker ant zombies
  A gnoll (D:10)
  A howler monkey skeleton (D:11)
  7 adders
  A shadow imp (D:9)
  An ooze (D:3)
  2 adder zombies (Ossuary)
  2 worms
  A dart slug (D:3)
  A leopard gecko (D:4)
  24 orcs
  A ball python (D:1)
  7 bats
  2 giant cockroaches
  6 goblins
  2 hobgoblins (D:1)
  7 jackals
  5 kobolds
  3 quokkas
  4 frilled lizards
  A giant cockroach zombie (Ossuary)
  3 leopard gecko zombies
  2 quokka zombies
  3 rats (D:1)
217 creatures vanquished.

Vanquished Creatures (collateral kills)
  A troll (D:11)
  A wraith (D:12)
  2 vampire mosquitoes (D:12)
  A basilisk (D:11)
  An orc warrior (D:12)
  An eye of draining (D:10)
  4 ice beasts (D:12)
  A crimson imp (D:12)
  A bullfrog zombie (D:11)
  An orc wizard (D:7)
  A jelly (D:12)
  7 orcs
  2 kobolds (D:10)
  A butterfly (D:7)
25 creatures vanquished.

Vanquished Creatures (others)
  A worker ant zombie (D:7)
  An orc skeleton (D:13)
  4 orc zombies
  2 withered plants (Ossuary)
8 creatures vanquished.

Grand Total: 250 creatures vanquished

Notes
Turn   | Place    | Note
-------+----------+-------------------------------------------
     0 | D:1      | P0NYSLAYSTATION the Hill Orc Fighter began the quest for
                  | the Orb.
     0 | D:1      | Reached XP level 1. HP: 19/19 MP: 1/1
    50 | D:2      | Reached XP level 2. HP: 27/27 MP: 2/2
   308 | D:3      | Reached XP level 3. HP: 26/33 MP: 3/3
   521 | D:4      | Noticed a phantom
   551 | D:4      | Found a sand-covered staircase.
   557 | Ossuary  | Entered an ossuary
   648 | Ossuary  | Reached skill level 3 in Long Blades
   648 | Ossuary  | Reached XP level 4. HP: 19/40 MP: 4/4
   751 | Ossuary  | Reached XP level 5. HP: 20/47 MP: 5/5
   779 | Ossuary  | HP: 2/47 [mummy (6)]
   833 | Ossuary  | Reached skill level 4 in Long Blades
   911 | Ossuary  | Reached XP level 6. HP: 9/53 MP: 6/6
  1059 | Ossuary  | Reached skill level 5 in Long Blades
  1280 | Ossuary  | Reached XP level 7. HP: 52/60 MP: 7/7
  1512 | Ossuary  | Reached skill level 6 in Long Blades
  1569 | D:4      | Reached skill level 5 in Fighting
  1569 | D:4      | Reached skill level 5 in Armour
  1621 | D:5      | Entered Level 5 of the Dungeon
  1978 | D:6      | Noticed Eustachio
  2079 | D:6      | Found a shimmering altar of Xom.
  2105 | D:6      | Reached skill level 7 in Long Blades
  2105 | D:6      | Reached XP level 8. HP: 68/68 MP: 8/8
  2125 | D:6      | Found a hazy altar of Hepliaklqana.
  2125 | D:6      | Found a radiant altar of Vehumet.
  2380 | D:6      | Found a white marble altar of Elyvilon.
  2389 | D:6      | Found a shattered altar of Ashenzari.
  2445 | D:6      | Killed Eustachio
  2445 | D:6      | Reached skill level 5 in Shields
  2519 | D:7      | Reached skill level 1 in Dodging
  2688 | D:7      | Found a stormy altar of Qazlal.
  2710 | D:8      | Found a hide-covered altar of Uskayaw.
  2755 | D:8      | Noticed Erica
  2793 | D:8      | Killed Erica
  2793 | D:8      | Reached skill level 8 in Long Blades
  2793 | D:8      | Reached XP level 9. HP: 13/75 MP: 9/9
  3152 | D:7      | Found a staircase to the Ecumenical Temple.
  3161 | Temple   | Entered the Ecumenical Temple
  3185 | Temple   | Reached skill level 9 in Long Blades
  3405 | Temple   | Became a worshipper of Yredelemnul the Dark
  4231 | D:2      | You fall into a shaft and drop 1 floor!
  4339 | D:3      | Found an opulent altar of Gozag.
  4968 | D:7      | Reached * piety under Yredelemnul
  5225 | D:8      | Noticed a troll
  5236 | D:8      | Killed a troll
  5242 | D:8      | Reached skill level 10 in Long Blades
  5735 | D:8      | Got a faintly humming scale mail
  6038 | D:8      | Identified the +6 scale mail of Pandemonium {rPois rF++
                  | Dex-4 SInv} (You found it on level 8 of the Dungeon)
  6067 | D:9      | Noticed a queen bee
  6068 | D:9      | Reached XP level 10. HP: 77/86 MP: 10/10
  6749 | D:7      | Noticed an unseen horror
  6757 | D:7      | Killed an unseen horror
  6757 | D:7      | Reached skill level 1 in Invocations
  6822 | D:7      | Found a shimmering blue altar of Sif Muna.
  7196 | D:10     | Entered Level 10 of the Dungeon
  7258 | D:10     | Noticed an unseen horror
  7272 | D:10     | Killed an unseen horror
  7272 | D:10     | Reached skill level 11 in Long Blades
  7458 | D:10     | Reached ** piety under Yredelemnul
  7800 | D:12     | Noticed a two-headed ogre
  7898 | D:11     | Reached XP level 11. HP: 69/94 MP: 12/12
  8259 | D:12     | Found a staircase to the Orcish Mines.
  8265 | D:12     | Identified the Papyrus of the Sneaky Stars
  8287 | D:12     | Killed a two-headed ogre
  8287 | D:12     | Reached skill level 12 in Long Blades
  8292 | D:12     | Found a portal to a secret trove of treasure.
  8297 | D:12     | Noticed a two-headed ogre
  8674 | D:13     | Killed a two-headed ogre
  8779 | D:13     | Noticed a death knight
  8805 | D:13     | Found a transporter.
  8958 | D:12     | Identified the cursed +1 robe of Kemp {Str+6 Int+2}
  8991 | D:12     | Noticed an unseen horror
  9178 | D:12     | Reached skill level 1 in Polearms
  9372 | D:12     | Killed an unseen horror
  9373 | D:12     | Reached *** piety under Yredelemnul
  9393 | D:12     | Reached skill level 5 in Invocations
  9478 | D:13     | Found a gate to the Vaults.
  9478 | D:13     | Noticed an ironheart preserver
  9499 | D:13     | Mangled by an ironheart preserver

Levels and vault maps discovered:
D:1:      dpeg_arrival_stonehenge_8_columns, layout_loops_ring,
          chequers_serial_rivers_micro_b
D:2:      layout_loops_ring, lemuel_coloured_pillars_altar, serial_bayou,
          serial_bayou_crossing, serial_bayou_pond_e, serial_bayou_pond_c,
          serial_bayou_lagoon_a, serial_bayou_lake_a, minmay_unequal,
          uniq_sigmund
D:3:      layout_loops_ring, nicolae_gozag_cash_rules_everything_around_me
D:4:      layout_basic, nicolae_ossuary_entry_plus
D:5:      layout_loops_ring, first_ration, uniq_edmund
D:6:      layout_rooms, lemuel_round_altar, amethyst_overflow_temple_binary,
          xom_teletrap_fun, chequers_temple_overflow_statue_of_worship,
          marbit_many_paths, uniq_eustachio, uniq_crazy_yiuf_cottage
D:7:      layout_gridville, tgw_sif, old_standard_altar,
          minmay_temple_entry_butterflies, hangedman_minor_gate_pass
D:8:      layout_basic, eat_drink_and_be_merry_uskayaw, erik_lair_island,
          uniq_erica
D:9:      layout_roguey, serial_shops, nicolae_shop_waterfront, david_nohive_1,
          st_stairs_10, hangedman_decor_points, minmay_misc_feat_alley,
          minivault_25, minmay_hedge_maze, kennysheep_cross_room
D:10:     layout_irregular_city, kennysheep_nondescript
D:11:     layout_rooms
D:12:     layout_cave_pools, orc_0_dummy, portal_ice_cave_entry_ice_beasts,
          enter_trove_1, minmay_misc_feat_doors, eino_house_with_fridge
D:13:     gammafunk_wand_slinger, layout_irregular_city,
          skrybe_vaults_entry_preservation, kennysheep_boxes
Temple:   dpeg_chambers_temple

Skill      XL: |  1  2  3  4  5  6  7  8  9 10 11 |
---------------+----------------------------------+-----
Fighting       | 4 5 6 7 8 9 |  9.0
Long Blades    | 3 4 5 7 8 10 11 12 | 12.4
Shields        | 4 6 7 8 9 |  9.2
Armour         | 4 5 6 7 8 9 |  9.0
Dodging        | 1 2 3 |  3.9
Invocations    | 2 5 |  5.0
Polearms       | 2 |  2.1

Action                   |  1- 3 |  4- 6 |  7- 9 | 10-12 || total
-------------------------+-------+-------+-------+-------++-------
Melee: Long sword        |    65 |   119 |   226 |       ||   410
       Scimitar          |       |       |   198 |   418 ||   616
Invok: Animate Remains   |       |       |       |    28 ||    28
       Injury Mirror     |       |       |       |     4 ||     4
       Recall Undead Sla |       |       |       |     2 ||     2
       Animate Dead      |       |       |       |     1 ||     1
  Use: Potion            |     2 |     1 |     4 |     5 ||    12
       Scroll            |       |       |    15 |     7 ||    22
 Stab: Distracted        |       |       |       |     2 ||     2
  Eat: Ration            |       |     1 |     3 |     2 ||     6
       Chunk             |       |       |     6 |    11 ||    17
Armor: Scale mail        |    29 |    22 |    96 |   209 ||   356
Dodge: Dodged            |    10 |    22 |   126 |   148 ||   306
Block: Shield            |    33 |    39 |   176 |   237 ||   485
       Rpst.: Long sword |     2 |     9 |    24 |       ||    35
       Scimitar          |       |       |    18 |    53 ||    71

Table legend:
 A = Non-vault XP
 B = Vault XP
 C = Vault XP percentage of total XP
 D = Non-vault monster count
 E = Vault monster count
 F = Vault count percentage of total count
                 A         B        C        D         E       F
            +---------+---------+-------+---------+---------+-------
      Total |   12566 |    3997 |  24.1 |     182 |      59 |  24.5
            +---------+---------+-------+---------+---------+-------
        D:1 |      22 |       0 |   0.0 |      15 |       0 |   0.0
        D:2 |       7 |       0 |   0.0 |       4 |       0 |   0.0
        D:3 |     170 |       0 |   0.0 |      25 |       0 |   0.0
        D:4 |     168 |       0 |   0.0 |       6 |       0 |   0.0
        D:5 |     577 |       0 |   0.0 |      10 |       0 |   0.0
        D:6 |     165 |     203 |  55.2 |       5 |       1 |  16.7
        D:7 |    1616 |     365 |  18.4 |      21 |       6 |  22.2
        D:8 |     754 |    1442 |  65.7 |      15 |       6 |  28.6
        D:9 |     164 |     262 |  61.5 |       2 |       5 |  71.4
       D:10 |    1851 |      84 |   4.3 |      16 |       2 |  11.1
       D:11 |    2216 |       0 |   0.0 |      25 |       0 |   0.0
       D:12 |    3051 |     847 |  21.7 |      22 |       8 |  26.7
       D:13 |    1707 |     102 |   5.6 |      14 |       1 |   6.7
     Temple |      98 |       0 |   0.0 |       2 |       0 |   0.0
    Ossuary |       0 |     692 | 100.0 |       0 |      30 | 100.0
            +---------+---------+-------+---------+---------+-------
